 Dungeon Crawl Stone Soup version 0.30-a0-339-g89bb51ec76 (webtiles) character file.

Game seed: 1736525016069423947

52 LnG the Caller (level 4, -2/24 HPs)
             Began as a Kobold Summoner on Oct 31, 2022.
             Slain by an orc priest
             ... wielding a +0 club
              (3 damage)
             ... on level 3 of the Dungeon.
             The game lasted 00:03:33 (1952 turns).

LnG the Caller (Kobold Summoner)                    Turns: 1952, Time: 00:03:33

Health: -2/24      AC:  3    Str: 11    XL:     4   Next: 8%
Magic:  2/7        EV: 15    Int: 18    God:
Gold:   137        SH:  0    Dex: 15    Spells: 1/7 levels left

rFire   . . .      SeeInvis .    e - +2 dagger
rCold   . . .      Faith    .    (no shield)
rNeg    . . .      Spirit   .    a - +0 robe
rPois   .          Reflect  .    f - +0 helmet
rElec   .          Harm     .    (no cloak)
rCorr   .          Rampage  .    (no gloves)
Will    .....                    (no boots)
Stlth   +++.......               (no amulet)
HPRegen 0.24/turn                o - +6 ring of strength
MPRegen 0.10/turn                (no ring)

@: no status effects
A: small, no large weapons, nightstalker 3
a: no special abilities


You were on level 3 of the Dungeon.
You visited 1 branch of the dungeon, and saw 3 of its levels.

You collected 137 gold pieces.

Inventory:

Hand Weapons
 e - a +2 dagger (weapon)
Armour
 a - a +0 robe (worn)
 f - a +0 helmet (worn)
Jewellery
 o - a +6 ring of strength (left hand)
Scrolls
 i - a scroll of amnesia
 l - a scroll of vulnerability
 q - a scroll of teleportation
Potions
 b - a potion of magic
 c - 2 potions of attraction {unknown}
 d - a potion of degeneration {unknown}
 g - a potion of heal wounds {unknown}
 j - a potion of curing {unknown}
 k - a potion of flight {unknown}
 m - a potion of ambrosia {unknown}
 p - a potion of mutation {unknown}


   Skills:
 + Level 0.3 Fighting
 + Level 0.7 Short Blades
 * Level 2.7 Dodging
 * Level 3.6 Stealth
 + Level 2.4 Spellcasting
 + Level 4.6 Summonings


You had one spell level left.
You knew the following spells:

 Your Spells              Type           Power      Damage    Failure   Level
a - Summon Small Mammal   Summ           72%        N/A       2%          1
b - Call Imp              Summ           18%        N/A       3%          2
c - Call Canine Familiar  Summ           18%        N/A       8%          3

Your spell library contained the following spells:

 Spells                   Type           Power      Damage    Failure   Level
 Summon Guardian Golem    Hex/Summ       10%        N/A       21%         3
 Summon Lightning Spire   Summ/Air       10%        N/A       54%         4
 Storm Form               Tmut/Air       1%         N/A       100%        7
 Maxwell's Capacitive Co  Air            1%         ∞         100%        8


Dungeon Overview and Level Annotations

Branches:
Dungeon (3/15)

Altars:


Innate Abilities, Weirdness & Mutations

You are small and have problems with some larger weapons.
You are completely attuned to the shadows.


Message History

You hit the orc priest.
The orc priest is moderately wounded.
The orc priest hits you but does no damage.
The goblin closely misses you.
You closely miss the orc priest.
The orc priest is moderately wounded.
An orc comes into view. It is wielding a +0 short sword.
The goblin closely misses you.
You hit the orc priest.
The orc priest is heavily wounded.
The orc priest misses you. The orc hits you with a +0 short sword.
The goblin barely misses you.
You closely miss the orc priest.
The orc priest is heavily wounded.
The orc priest hits you but does no damage.
The orc misses you. The goblin barely misses you.
You closely miss the orc priest.
The orc priest is heavily wounded.
The orc priest barely misses you. The orc misses you.
The goblin barely misses you.
You closely miss the orc priest.
The orc priest is heavily wounded.
The orc priest calls down the wrath of Beogh upon you.
Beogh smites you!
Ouch! That really hurt!
The orc hits you with a +0 short sword.
* * * LOW HITPOINT WARNING * * *
The goblin hits you with a +0 dagger.
* * * LOW HITPOINT WARNING * * *
Casting: Call Imp (safe; 3% risk of failure)
Confirm with . or Enter, or press ? or * to list all spells.
The spell is quite dangerous to miscast (8% risk of failure)!
Continue anyway?
The orc priest misses you. The orc closely misses you.
The goblin hits you with a +0 dagger.
* * * LOW HITPOINT WARNING * * *
Casting: Call Canine Familiar (quite dangerous; 8% risk of failure)
Confirm with . or Enter, or press ? or * to list all spells.
A beastly little devil appears in a puff of frigid air.
Your hound bites the goblin.
The orc priest hits you with a +0 club.
You die...

...#...............#.....
.#....##.............###.
...#.. ##.#####.###.##
...... #.# #.# #.# #.###
#.# #.# #.####. ..# #.
#...... ### #h #.####. #
###g###.# ...o@.5.#
###o##### #. .. ###


You could see an orc priest (ally target), an orc, a goblin (distracted, ally
target), a friendly hound (summoned) and a friendly white imp (summoned).

Vanquished Creatures
  An adder (D:2)
  3 endoplasms
  2 giant cockroaches
  3 goblins
  4 hobgoblins
  3 jackals (D:1)
  2 quokkas
  A ball python (D:1)
  4 bats
  3 frilled lizards
  3 kobolds
  2 rats
31 creatures vanquished.

Vanquished Creatures (collateral kills)
  A ball python (D:1)
  2 endoplasms
  2 hobgoblins (D:1)
  A goblin (D:1)
  A kobold (D:1)
7 creatures vanquished.

Grand Total: 38 creatures vanquished

Notes
Turn   | Place    | Note
-------+----------+-------------------------------------------
     0 | D:1      | LnG the Kobold Summoner began the quest for the Orb.
     0 | D:1      | Reached XP level 1. HP: 10/10 MP: 3/3
   146 | D:1      | Reached XP level 2. HP: 15/15 MP: 5/5
   149 | D:1      | Learned a level 2 spell: Call Imp
   242 | D:1      | Found a faded altar of an unknown god.
   522 | D:1      | Reached XP level 3. HP: 19/19 MP: 6/6
   774 | D:1      | Learned a level 3 spell: Call Canine Familiar
  1363 | D:2      | Reached XP level 4. HP: 24/24 MP: 7/7
  1951 | D:3      | HP: 1/24 [goblin/+0 dagger (2)]
  1952 | D:3      | Slain by an orc priest

Illustrated notes

Levels and vault maps discovered:
D:1:      spicycebolla_green_bress_n_ham_2, layout_basic,
          ebering_ecumenical_altar_webs, minmay_pentomino_r2
D:2:      layout_basic, kennysheep_flooded_box
D:3:      layout_loops_ring, kennysheep_decorative_pillar

Skill      XL: |  1  2 |
---------------+-------+-----
Stealth        | 3 |  3.6
Fighting       | |  0.3
Short Blades   | |  0.7
Dodging        | |  2.7
Spellcasting   | |  2.4
Summonings     | |  4.6

Action                   |  1- 3 |  4- 6 || total
-------------------------+-------+-------++-------
Melee: Unarmed           |     8 |       ||     8
       Dagger            |    93 |    12 ||   105
       Punch             |     1 |       ||     1
 Cast: Summon Small Mamm |     4 |       ||     4
       Call Imp          |     3 |     1 ||     4
       Call Canine Famil |       |     1 ||     1
  Use: Scroll            |     4 |     3 ||     7
 Stab: Sleeping          |    13 |     1 ||    14
Armor: Robe              |    18 |     2 ||    20
Dodge: Dodged            |    84 |    16 ||   100

Table legend: (Time is in decaauts)
 A = Elapsed time spent in this place.
 B = Non-inter-level travel time spent in this place.
 C = Inter-level travel time spent in this place.
 D = Time resting spent in this place.
 E = Time spent auto-exploring this place.
 F = Levels seen in this place.
 G = Mean time per level.
                   A        B        C        D        E       F      G
               +--------+--------+--------+--------+--------+-----+--------+
         Total |   1951 |   1893 |     58 |    132 |   1436 |   3 |  650.3 |
       Dungeon |   1951 |   1893 |     58 |    132 |   1436 |   3 |  650.3 |
               +--------+--------+--------+--------+--------+-----+--------+

Top non-repeatable levels by time:
     D:1: 959 daAuts
     D:2: 923 daAuts
     D:3: 69 daAuts
